 Dungeon Crawl Stone Soup version 0.16-a0-3452-g71b9fc6 (webtiles) character file.

305 Tyryt0 the Magician (level 6, 0/37 HPs)
             Began as an Octopode Wizard on Jan 1, 2015.
             Was an Initiate of Sif Muna.
             Killed from afar by Blork the orc (7 damage)
             ... with a magic dart
             ... on level 4 of the Dungeon.
             The game lasted 01:36:59 (3913 turns).

Tyryt0 the Magician (Octopode Wizard)               Turns: 3913, Time: 01:36:59

Health: 0/37       AC:  1    Str:  6    XL:     6   Next: 39%
Magic:  10/25      EV: 12    Int: 22    God:    Sif Muna [......]
Gold:   257        SH:  0    Dex: 11    Spells: 4 memorised, 6 levels left

rFire  . . .     SeeInvis .     r - +2 hunting sling (flame)
rCold  . . .     Clarity  .     (no shield)
rNeg   . . .     SustAb   .     b - +0 hat
rPois  .         Gourm    .     u - amulet of resist mutation
rElec  .         Spirit   .     z - ring of magical power
rCorr  .         Warding  .     (no ring)
rMut   +         Stasis   .     (no ring)
MR     .....                    (no ring)
Stlth  +++++.....               (no ring)
                                (no ring)
                                (no ring)
                                (no ring)

@: not resistant to hostile enchantments, quite stealthy
A: almost no armour, amphibious, 8 rings, constrict 8, camouflage 1, gelatinous
body 1
a: Renounce Religion


You were on level 4 of the Dungeon.
You worshipped Sif Muna.
Sif Muna was noncommittal.
You were not hungry.

You visited 1 branch of the dungeon, and saw 4 of its levels.

You collected 257 gold pieces.

Inventory:

Hand weapons
 e - a +0 flail of draining
 f - a +0 short sword of flaming
 r - a +2 hunting sling of flaming (weapon)
 w - a cursed -3 dagger
 x - a +2 whip of electrocution
Missiles
 a - 23 bolts
 g - 30 arrows
 k - 54 stones (quivered)
 p - 8 poisoned needles
Armour
 b - a +0 hat (worn)
 i - a +0 leather armour
Jewellery
 u - an amulet of resist mutation (around mantle)
 z - a ring of magical power (left tentacle)
Magical devices
 D - a wand of slowing (26)
 E - a wand of cold (9)
Scrolls
 l - a scroll of amnesia {unknown}
 m - 2 scrolls of magic mapping {unknown}
 q - a scroll of random uselessness {unknown}
 s - a scroll of teleportation {unknown}
 t - 2 scrolls of recharging
 B - a scroll of fog {unknown}
 C - a scroll of fear {unknown}
Potions
 h - 2 potions of restore abilities
 n - a potion of agility
 o - a potion of resistance {unknown}
 v - 3 potions of poison
 A - a potion of curing
Books
 c - a book of Minor Magic

   Spells                             Type                      Level
   a - Magic Dart                     Conjuration                  1
   b - Blink                          Translocation                2
   c - Call Imp                       Summoning                    2
   d - Repel Missiles                 Charms/Air                   2
   e - Slow                           Hexes                        2
   f - Conjure Flame                  Conjuration/Fire             3
   g - Mephitic Cloud                 Conjuration/Poison/Air       3
 y - a book of Control

   Spells                             Type                      Level
   a - Control Teleport               Charms/Translocation         4
   b - Control Undead                 Necromancy                   4
   c - Enslavement                    Hexes                        4
   d - Metabolic Englaciation         Hexes/Ice                    5
   e - Mass Confusion                 Hexes                        6
Comestibles
 d - 5 bread rations
 j - 2 meat rations


   Skills:
 + Level 0.6 Fighting
 + Level 0.4 Short Blades
 + Level 0.2(0.4) Slings
 + Level 0.6 Throwing
 + Level 2.8 Dodging
 + Level 3.7 Stealth
 + Level 4.7 Spellcasting
 + Level 2.2 Conjurations
 + Level 2.5 Summonings
 + Level 1.2 Translocations


You had 6 spell levels left.
You knew the following spells:

 Your Spells              Type           Power        Failure   Level  Hunger
a - Magic Dart            Conj           ##..         6%          1    None
b - Call Imp              Summ           ###.....     8%          2    None
c - Blink                 Tloc           N/A          12%         2    None
d - Conjure Flame         Conj/Fire      ##......     21%         3    ##.....


Dungeon Overview and Level Annotations

Branches:
Dungeon (4/15)
 Temple: D:4-7

Altars:
Cheibriados
Dithmenos
Gozag
Nemelex Xobeh
Okawaru
Sif Muna
Trog
Vehumet
Yredelemnul
Zin
The Shining One

Annotations:
D:4 Blork the orc


Innate Abilities, Weirdness & Mutations

You cannot wear most types of armour.
You are amphibious.
You can wear up to eight rings at the same time.
You can use your tentacles to constrict many enemies at once.
Your skin changes colour to match your surroundings (Stealth).
Your rubbery body absorbs attacks (AC +1).


Message History

Okay, then.
A puff of flame appears from out of thin air!
The puff of flame hits your crimson imp.
Your crimson imp completely resists.
Firing (i - inventory):
k - 55 stones (quivered)
Press: ? - help, Shift-Dir - straight line
Aim: Disturbance You shoot a stone.
Something misses your crimson imp.
Casting: Conjure Flame
Confirm with . or Enter, or press ? or * to list all spells.
You can't see any susceptible monsters within range! (Use Z to cast anyway.) Use which ability? (? or * to list)
You can't do that.
Casting: Conjure Flame
Confirm with . or Enter, or press ? or * to list all spells.
Aiming: Magic Dart
Press: ? - help, Shift-Dir - straight line
Aim: Disturbance The magic dart hits something.
The magic dart hits you!
You die...

.####..#.P♣P≈≈≈≈≈P≈≈♣♣.....######
.#.....##♣♣≈P≈≈≈≈{≈≈♣♣######
.#.##...♣♣♣≈≈≈≈≈5≈≈≈≈♣..#
##.####.≈♣≈P≈≈≈≈≈≈≈≈≈♣≈.# #######
#.# #.≈≈P≈≈≈≈≈≈≈≈(♣≈P.# #......
#.# ##♣P≈≈≈≈≈≈≈≈≈≈(♣♣[# #......
#.# ♣≈≈≈≈≈≈≈≈≈≈≈((≈)# #...... #.#
♣♣P≈≈≈≈≈≈≈≈≈≈♣≈.###...... #.#
♣≈≈≈≈≈≈@≈≈≈≈)♣....>..... #.#
#♣♣≈♣≈≈≈≈≈≈≈≈P≈♣.......... #.#
#≈P≈≈≈≈≈≈≈≈≈≈P≈♣..5....###
#.######♣≈≈≈≈≈≈≈≈≈≈≈♣♣...5...#
#.....# ♣♣P≈P≈≈≈≈≈≈≈≈#.......###
#####.# ♣♣P♣≈≈≈≈≈≈≈♣≈###........
#.# ♣P≈≈≈♣≈P≈≈≈♣♣# #........ #.#
#♣≈≈≈≈≈≈≈≈P≈≈# #......?. #.#
#≈≈≈PP≈≈≈≈≈≈## #........


You could see a friendly crimson imp.

Vanquished Creatures
  2 gnolls (D:3)
  3 adders
  A worm (D:4)
  3 giant geckos (D:2)
  2 oozes (D:2)
  8 orcs (D:3)
  13 bats
  A bat skeleton (D:4)
  7 hobgoblins
  A jackal (D:2)
  5 giant newts
  14 goblins
  10 kobolds
  7 rats
77 creatures vanquished.

Vanquished Creatures (collateral kills)
  A scorpion (D:3)
  3 orc priests
  A centaur skeleton (D:4)
  A worker ant (D:4)
  2 gnolls
  2 adders
  A worm (D:3)
  An ooze (D:3)
  8 orcs
  2 bats
  A goblin (D:3)
  4 hobgoblins (D:4)
  4 jackals (D:2)
  A ball python (D:4)
  A giant cockroach (D:3)
  A giant gecko skeleton (D:4)
  2 kobolds
  A plant (D:4)
37 creatures vanquished.

Vanquished Creatures (others)
  2 crimson imps
  3 white imps
  2 shadow imps (D:3)
7 creatures vanquished.

Grand Total: 121 creatures vanquished

Notes
Turn   | Place    | Note
--------------------------------------------------------------
     0 | D:1      | Tyryt0, the Octopode Wizard, began the quest for the Orb.
     0 | D:1      | Reached XP level 1. HP: 11/11 MP: 4/4
   152 | D:1      | Reached XP level 2. HP: 17/17 MP: 4/6
   251 | D:1      | Learned a level 2 spell: Call Imp
   254 | D:1      | Learned a level 2 spell: Blink
   749 | D:1      | Reached XP level 3. HP: 21/21 MP: 4/8
   781 | D:2      | Learned a level 3 spell: Conjure Flame
   871 | D:2      | Found a shadowy altar of Dithmenos.
  1125 | D:2      | Reached XP level 4. HP: 19/27 MP: 6/10
  1504 | D:3      | Found a glowing golden altar of the Shining One.
  1506 | D:3      | Found a glowing silver altar of Zin.
  1572 | D:3      | Reached skill level 4 in Spellcasting
  1632 | D:3      | Reached XP level 5. HP: 21/32 MP: 0/13
  2909 | D:4      | Found an iron altar of Okawaru.
  2918 | D:4      | Found a basalt altar of Yredelemnul.
  2932 | D:4      | Found a radiant altar of Vehumet.
  2949 | D:4      | Found a bloodstained altar of Trog.
  2977 | D:4      | Reached XP level 6. HP: 37/37 MP: 15/15
  3164 | D:4      | Found a deep blue altar of Sif Muna.
  3175 | D:4      | Became a worshipper of Sif Muna the Loreminder
  3290 | D:4      | Found a snail-covered altar of Cheibriados.
  3373 | D:4      | Found a sparkling altar of Nemelex Xobeh.
  3373 | D:4      | Found an opulent altar of Gozag.
  3854 | D:4      | Noticed Blork the orc
  3913 | D:4      | Killed from afar by Blork the orc

Action                   |  1- 3 |  4- 6 || total
-------------------------+-------+-------++-------
Melee: Short sword       |    28 |    29 ||    57
 Fire: Hunting sling     |       |    49 ||    49
Throw: Stone             |    14 |     3 ||    17
 Cast: Magic Dart        |    62 |    99 ||   161
       Call Imp          |     5 |    50 ||    55
       Conjure Flame     |       |     5 ||     5
       Blink             |       |    15 ||    15
  Use: Scroll            |     3 |     6 ||     9
  Eat: Chunk             |     1 |     1 ||     2
       Meat ration       |       |     1 ||     1
       Bread ration      |       |     1 ||     1
